Map: 16-Bit LE

Players

Nigrnog - Winner!

  • Race: Zerg Zerg
  • Spawn Location: 7:00

MooEsqoo

  • Race: Protoss Protoss
  • Spawn Location: 1:00

VOD

Have the link to the VOD?

Description

Time

  • Played on: Dec. 1, 2019, 10:13 a.m.
  • Length: 14:51
Show
View Real Time Build Order
Export as new Build Order

Nigrnog Zerg - Winner!

Build Orders: Hatch First 

Get SALT Encoding   

  12  0:01  Drone  
  13  0:11  Drone  
  14  0:22  Overlord  
  14  0:45  Drone  
  15  0:50  Hatchery, Drone  
  15  0:55  Drone  
  16  0:58  Drone  
  17  1:14  Spawning Pool  
  16  1:21  Drone  
  16  1:22  Drone  
  18  1:27  Extractor  
  18  1:30  Drone  
  19  2:08  Zergling x6  
  21  2:28  Hatchery  
  21  2:29  Queen  
  22  2:31  Queen  
  24  2:40  Drone x2  
  24  2:43  Drone  
  27  2:45  Drone  
  27  2:48  Overlord  
  28  2:57  Metabolic Boost  
  28  3:10  Drone x3  
  31  3:25  Overlord  
  31  3:34  Drone x2  
  33  3:39  Drone  
  33  3:40  Zergling x4  
  36  3:44  Lair  
  36  3:50  Drone x3  
  36  3:55  Drone x2  
  41  3:59  Queen  
  43  4:06  Extractor  
  43  4:07  Drone, Zergling x4  
  45  4:12  Overlord  
  45  4:14  Drone  
  45  4:16  Drone  
  47  4:18  Drone  
  47  4:20  Drone  
  47  4:22  Drone  
  50  4:26  Overlord  
  50  4:47  Spore Crawler  
  50  4:48  Drone x3, Spore Crawler  
  50  4:49  Drone  
  50  4:50  Drone  
  50  4:51  Hatchery  
  52  4:54  Spore Crawler  
  50  5:00  Spore Crawler  
  49  5:17  Spore Crawler  
  49  5:19  Drone x4  
  49  5:20  Drone x2  
  54  5:27  Spire  
  53  5:30  Drone x2  
  53  5:31  Drone x2  
  57  5:42  Hydralisk Den  
  56  5:43  Drone x5  
  56  5:44  Drone  
  56  5:49  Queen  
  64  6:02  Extractor x2  
  62  6:05  Extractor  
  62  6:07  Extractor  
  62  6:09  Overlord x4  
  62  6:11  Hydralisk x2  
  60  6:16  Drone  
  60  6:17  Drone x3  
  68  6:24  Zergling x8  
  72  6:26  Overlord  
  72  6:29  Zergling x6  
  75  6:38  Drone x5  
  80  6:45  Mutalisk x3  
  86  6:51  Zerg Flyer Weapons Level 1  
  86  6:53  Drone x3  
  89  6:56  Drone x2  
  89  6:57  Drone  
  89  7:00  Overseer  
  92  7:07  Zergling x10, Mutalisk  
  92  7:32  Mutalisk  
  92  7:33  Zergling x6  
  92  7:34  Zergling x6, Mutalisk x3  
  92  7:37  Zergling x12  
  108  7:40  Overseer  
  112  7:49  Overlord x6  
  112  8:00  Grooved Spines  
  112  8:04  Queen  
  104  8:23  Mutalisk x3  
  104  8:26  Zergling x16  
  104  8:27  Zergling x4  
  119  8:34  Drone  
  119  8:37  Drone x3  
  123  8:42  Drone  
  123  8:44  Drone  
  125  8:50  Spore Crawler  
  125  8:55  Drone, Spore Crawler  
  124  8:58  Overseer x2  
  124  9:03  Hydralisk x6  
  124  9:04  Hydralisk x3  
  124  9:05  Zergling x2  
  143  9:11  Muscular Augments  
  143  9:13  Hydralisk x2  
  147  9:17  Drone x3  
  147  9:18  Drone  
  151  9:27  Spore Crawler  
  151  9:28  Drone x2  
  152  9:43  Hydralisk x3  
  158  9:46  Overlord x5  
  158  9:53  Zerg Flyer Weapons Level 2  
  158  10:08  Extractor  
  158  10:09  Hydralisk  
  158  10:10  Extractor, Hydralisk x7  
  158  10:11  Hydralisk  
  174  10:18  Hydralisk  
  174  10:19  Hydralisk x2  
  180  10:22  Hydralisk  
  180  10:25  Hydralisk  
  180  10:28  Hydralisk  
  186  10:31  Hydralisk  
  186  10:34  Hydralisk  
  190  10:48  Drone x4  
  194  10:56  Pneumatized Carapace  
  194  11:11  Hatchery, Drone x3  
  166  11:33  Hydralisk x5  
  166  11:34  Hydralisk x8  
  166  11:35  Hydralisk x5  
  162  11:53  Hydralisk x5  
  162  11:54  Hydralisk x3  
  144  12:05  Mutalisk  
  144  12:06  Hydralisk x3  
  142  12:09  Zerg Flyer Armor Level 1  
  140  12:29  Hydralisk x6  
  146  12:30  Hydralisk x3  
  146  12:31  Zergling x4  
  160  12:58  Hydralisk x2  
  160  12:59  Hydralisk x7  
  178  13:14  Queen  
  178  13:15  Drone x3  
  178  13:18  Hydralisk x3  
  189  13:35  Drone  
  189  13:40  Overlord x5  
Show
View Real Time Build Order
Export as new Build Order

MooEsqoo Protoss 

Build Orders: Oracle Opening 

Get SALT Encoding   

  12  0:02  Probe  
  13  0:22  Pylon  
  13  0:30  Probe  
  14  0:40  Gateway  
  14  0:44  Probe (Chrono Boost)  
  15  0:51  Assimilator  
  15  0:56  Probe (Chrono Boost)  
  16  1:03  Probe (Chrono Boost)  
  17  1:10  Probe  
  18  1:29  Cybernetics Core  
  18  1:35  Probe  
  19  1:47  Probe  
  20  1:54  Nexus  
  20  2:00  Probe  
  21  2:09  Stalker (Chrono Boost)  
  23  2:17  Pylon  
  23  2:31  Assimilator  
  23  2:35  Probe  
  24  2:47  Probe  
  25  2:59  Probe  
  25  3:04  Stargate  
  26  3:08  Gateway  
  26  3:10  Shield Battery  
  26  3:11  Probe x2  
  27  3:16  Stalker (Chrono Boost)  
  27  3:18  Warp Gate (Chrono Boost)  
  29  3:23  Probe (Chrono Boost)  
  31  3:27  Probe (Chrono Boost)  
  32  3:34  Probe (Chrono Boost)  
  32  3:37  Gateway  
  32  3:38  Probe (Chrono Boost)  
  32  3:40  Probe (Chrono Boost)  
  34  3:48  Oracle  
  37  3:55  Probe  
  37  3:56  Probe  
  37  4:02  Assimilator  
  39  4:04  Assimilator  
  39  4:14  Pylon  
  39  4:17  Stalker  
  39  4:18  Stalker  
  43  4:27  Sentry  
  45  4:38  Probe (Chrono Boost)  
  47  4:42  Probe (Chrono Boost)  
  50  4:45  Oracle  
  50  4:49  Probe (Chrono Boost)  
  50  4:52  Probe (Chrono Boost)  
  52  4:53  Probe (Chrono Boost)  
  53  5:02  Probe  
  54  5:09  Pylon  
  54  5:11  Pylon  
  54  5:13  Pylon  
  54  5:20  Pylon  
  54  5:27  Probe x2  
  56  5:30  Stalker x2  
  56  5:31  Oracle (Chrono Boost), Stalker  
  65  5:42  Gateway  
  65  5:48  Gateway  
  65  5:50  Probe  
  65  5:51  Probe  
  67  5:59  Sentry  
  67  6:00  Sentry  
  67  6:02  Sentry, Probe  
  67  6:03  Probe  
  75  6:14  Phoenix (Chrono Boost)  
  77  6:21  Pylon  
  77  6:23  Probe  
  77  6:24  Pylon  
  77  6:25  Probe  
  79  6:26  Pylon  
  79  6:34  Stalker x2  
  83  6:45  Robotics Facility  
  84  6:47  Probe x2  
  85  6:59  Probe  
  85  7:01  Phoenix  
  88  7:02  Stalker  
  88  7:03  Stalker x2  
  87  7:34  Void Ray (Chrono Boost)  
  87  7:40  Stalker x4  
  99  7:47  Warp Prism (Chrono Boost)  
  101  7:52  Nexus  
  83  8:25  Stalker x4  
  83  8:26  Stalker  
  93  8:27  Void Ray  
  93  8:28  Immortal (Chrono Boost)  
  101  8:38  Twilight Council  
  101  8:43  Assimilator  
  101  8:47  Assimilator  
  101  8:50  Pylon  
  101  8:53  Pylon  
  101  9:08  Stalker x5  
  111  9:16  Templar Archives  
  111  9:17  Charge  
  111  9:21  Immortal (Chrono Boost)  
  111  9:29  Probe  
  111  9:30  Probe  
  117  9:32  Probe  
  118  9:40  Stalker x2  
  118  9:42  Probe (Chrono Boost)  
  118  9:43  Probe (Chrono Boost)  
  125  9:53  Probe (Chrono Boost)  
  125  9:54  Probe (Chrono Boost)  
  127  10:00  Probe (Chrono Boost), High Templar x2  
  127  10:01  High Templar  
  127  10:03  Probe (Chrono Boost)  
  127  10:04  High Templar  
  136  10:13  Archon  
  136  10:14  Archon  
  136  10:25  High Templar  
  138  10:33  Gateway  
  138  10:37  Gateway  
  138  10:40  Gateway  
  138  10:43  Gateway  
  138  10:49  Psionic Storm  
  138  10:50  Pylon, Zealot  
  138  10:52  Pylon  
  138  10:54  Pylon  
  138  10:55  Pylon  
  140  10:58  Pylon  
  140  11:00  Pylon  
  140  11:09  Probe, Immortal  
  140  11:10  Probe x2  
  147  11:14  Zealot x3  
  147  11:15  Zealot x2  
  133  11:45  Stalker  
  133  11:46  Stalker x5  
  133  11:47  Stalker x3  
  91  12:14  High Templar x5  
  77  12:38  Stalker x4  
  77  12:42  Void Ray (Chrono Boost)  
  87  12:54  Stalker x5  
  97  12:59  Immortal (Chrono Boost)  
  101  13:07  High Templar  
  101  13:08  High Templar  
  105  13:18  High Templar  
  107  13:32  Gateway, Immortal (Chrono Boost)  
  107  13:33  Gateway  
  107  13:36  Void Ray (Chrono Boost), Gateway  
  107  13:38  Gateway  
  115  13:42  Gateway x2  
  115  13:44  Gateway  
  115  13:49  High Templar  
  115  13:51  Zealot x4  
  115  13:52  Zealot x4  
  133  14:07  Forge  
  100  14:31  Stalker x4  
  78  14:32  Stalker x2  
Tags
 
Add a new tag
Caveats
  • Supply blocks, unpowered buildings, or Contaminate may cause inaccurate times.
  • Supply counts are checked every 10 seconds.